 Dungeon Crawl Stone Soup version 0.21-a0-70-g32e1473 (webtiles) character file.

80 Gorglomux the Ruffian (level 4, 0/39 (40) HPs)
             Began as a Ghoul Warper on June 18, 2017.
             Slain by an adder (2 damage)
             ... on level 3 of the Dungeon.
             The game lasted 00:05:04 (2629 turns).

Gorglomux the Ruffian (Ghoul Warper)                Turns: 2629, Time: 00:05:05

HP:   0/39 (40)     AC:  3    Str: 15    XL:     4   Next: 39%
MP:   5/5           EV: 11    Int:  8    God:
Gold: 72            SH:  0    Dex:  8    Spells: 6/6 levels left

rFire    . . .     SeeInvis .     - Unarmed
rCold    + . .     Gourm    .   (no shield)
rNeg     + + +     Faith    .   a - +0 leather armour
rPois    ∞         Spirit   .   (no helmet)
rElec    .         Reflect  .   (no cloak)
rCorr    .         Harm     .   (no gloves)
MR       .....                  (no boots)
Stlth    +.........             (no amulet)
HPRegen  0.00/turn              (no ring)
MPRegen  0.09/turn              (no ring)

@: rotting
A: rotting body, claws 1, carnivore 3, cold resistance 1, negative energy
resistance 3, inhibited regeneration, torment resistance, unbreathing
a: no special abilities


You were on level 3 of the Dungeon.
You were not hungry.

You visited 1 branch of the dungeon, and saw 3 of its levels.

You collected 72 gold pieces.

Inventory:

Hand Weapons
 G - a +0 dagger of venom
Missiles
 d - 5 tomahawks of dispersal (quivered)
Armour
 a - a +0 leather armour (worn)
Scrolls
 B - 2 scrolls of blinking
 D - 2 scrolls of identify {unknown}
 E - a scroll of teleportation {unknown}
 H - a scroll of enchant armour {unknown}
 J - a scroll of magic mapping {unknown}
 K - a scroll of remove curse {unknown}
Potions
 I - a potion of brilliance {unknown}
 L - a potion of might {unknown}
 M - a potion of lignification
Books
 b - a book of Spatial Translocations

   Spells                             Type                      Level
   a - Blink                          Translocation                2
   b - Shroud of Golubria             Charms/Translocation         2
   c - Lesser Beckoning               Translocation                3
   d - Gell's Gravitas                Translocation                3
   e - Teleport Other                 Translocation                3
   f - Passage of Golubria            Translocation                4
Comestibles
 z - 3 meat rations
 F - a royal jelly


   Skills:
 + Level 3.8 Fighting
 - Level 0.8 Throwing
 - Level 0.8 Armour
 - Level 1.7 Dodging
 + Level 3.8 Unarmed Combat
 - Level 1.7 Spellcasting
   Level 2.6 Translocations


You had 6 spell levels left.
You didn't know any spells.

Dungeon Overview and Level Annotations

Branches:
Dungeon (3/15)

Altars:
Fedhas

Portals:
Sewer: D:3


Innate Abilities, Weirdness & Mutations

Your body is rotting away.
You thrive on raw meat.
You are immune to poison.
You have sharp fingernails.
You are carnivorous and can eat meat at any time.
Your flesh is cold resistant. (rC+)
You are immune to negative energy. (rN+++)
You do not regenerate when monsters are visible.
You are immune to unholy pain and torment.
You can survive without breathing.


Message History

The adder is severely wounded.
The adder barely misses you. The adder bites you but does no damage.
The adder bites you.
* * * LOW HITPOINT WARNING * * *
You closely miss the adder.
The adder is severely wounded.
The adder bites you.
* * * LOW HITPOINT WARNING * * *
The adder bites you.
* * * LOW HITPOINT WARNING * * *
You completely miss the adder.
The adder is severely wounded.
The adder bites you.
* * * LOW HITPOINT WARNING * * *
The adder bites you.
* * * LOW HITPOINT WARNING * * *
Okay, then.
It was a potion of lignification.
You feel woody for a moment. The adder bites you.
You die...

#...........#
####..#####.#
#..#≈≈≈#.#
#.$#≈≈≈#.##
#..#≈∩≈#..#
#..#≈≈≈#..#
#..#≈≈≈#..#
#..##'##..#
#...@S....#
#..S####..#
##.## .# #$#
#.# #.# #..
##


You could see 2 adders.

Vanquished Creatures
  2 adders
  An ooze (D:2)
  2 worms (D:2)
  A dart slug (D:1)
  A leopard gecko (D:1)
  A ball python (D:1)
  2 giant cockroaches
  4 goblins
  5 hobgoblins
  5 jackals
  A quokka (D:2)
  9 bats
  4 frilled lizards
  6 kobolds
  6 rats
50 creatures vanquished.

Notes
Turn   | Place    | Note
-------+----------+-------------------------------------------
     0 | D:1      | Gorglomux the Ghoul Warper began the quest for the Orb.
     0 | D:1      | Reached XP level 1. HP: 17/17 MP: 2/2
   243 | D:1      | Reached XP level 2. HP: 12/25 MP: 3/3
   685 | D:1      | Reached skill level 3 in Fighting
   939 | D:1      | Reached skill level 3 in Unarmed Combat
   939 | D:1      | Reached XP level 3. HP: 31/31 MP: 4/4
  1440 | D:2      | Found a blossoming altar of Fedhas.
  2332 | D:2      | Reached XP level 4. HP: 25/38 MP: 5/5
  2594 | D:3      | Found a glowing drain.
  2629 | D:3      | Slain by an adder

Vault maps used:
D:1:      minmay_arrival_arboretum_small, minmay_tetromino_l4
D:2:      fedhas_altar_fruit_tree
D:3:      kennysheep_big_flooded_room, dancing_weapons_uskayaw,
          nicolae_ru_awakened_eye, okawaru_gym_becter, gup_sewer_entry_glass,
          first_bread

Skill      XL: |  1  2 |
---------------+-------+-----
Fighting       | 3 |  3.8
Unarmed Combat | 3 |  3.8
Throwing       | |  0.8
Armour         | |  0.8
Dodging        | |  1.7
Spellcasting   | |  1.7
Translocations | |  2.6

Action                   |  1- 3 |  4- 6 || total
-------------------------+-------+-------++-------
Melee: Unarmed           |   141 |    30 ||   171
       Dagger            |    36 |       ||    36
  Use: Potion            |       |     1 ||     1
  Eat: Chunk             |    12 |     1 ||    13
Armor: Leather armour    |    49 |    12 ||    61
Dodge: Dodged            |   104 |    20 ||   124
